 Dungeon Crawl Stone Soup version 0.24.0-123-gd5b16e6ec5 (webtiles) character file.

Game seed: 5869196589402222230, levelgen mode: deterministic

15881 FishyPogo the Blocker (level 12, -1/81 HPs)
             Began as a Demonspawn Fighter on Jan 25, 2020.
             Was a Plaything of Xom.
             Slain by a sixfirhy (6 damage)
             ... summoned by an orc sorcerer
             ... while paralysed by an orc sorcerer
             ... on level 1 of the Orcish Mines.
             The game lasted 00:49:52 (11123 turns).

FishyPogo the Blocker (Demonspawn Fighter)         Turns: 11123, Time: 00:49:54

Health: -1/81      AC: 20    Str: 23    XL:     12   Next: 5%
Magic:  0/21       EV:  2    Int: 11    God:    Xom [......]
Gold:   849        SH:  0    Dex: 11    Spells: 11/11 levels left

rFire    . . .     SeeInvis .   a - +5 whip (slash)
rCold    + . .     Gourm    .   c - +0 shield
rNeg     . . .     Faith    .   G - +0 chain mail
rPois    .         Spirit   +   t - +0 helmet of Amorality {rC+ MP+9}
rElec    +         Reflect  .   U - +0 cloak
rCorr    .         Harm     .   h - +0 pair of gloves
MR       .....                  (no boots)
Stlth    ..........             p - amulet of magic regeneration
HPRegen  0.23/turn              e - ring of flight
MPRegen  0.59/turn              P - ring of the Thirteen Dances {rElec AC+2 Str+3}

@: paralysed, drained
A: claws 1, yellow scales 1, blurry vision 1, clumsy 1, foul stench 1, mutation
resistance 2, screaming 1, wild magic 1, magic shield, magic regeneration, rot
immunity
a: Renounce Religion, Evoke Flight


You were on level 1 of the Orcish Mines.
You worshipped Xom.
You were a very special plaything of Xom.
You were hungry.

You visited 3 branches of the dungeon, and saw 15 of its levels.

You collected 904 gold pieces.
You spent 55 gold pieces at shops.

Inventory:

Hand Weapons
 a - a +5 whip of slashing (weapon)
Missiles
 g - 412 stones
 m - 8 datura-tipped darts
 u - 4 atropa-tipped darts
 H - a throwing net
 I - 5 curare-tipped darts
 S - 10 boomerangs (quivered)
Armour
 c - a +0 shield (worn)
 h - a +0 pair of gloves (worn)
 t - the +0 helmet of Amorality (worn) {rC+ MP+9}
   (You found it on level 10 of the Dungeon)

   It protects you from cold.
   It affects your magic capacity (+9).
 G - a +0 chain mail (worn)
 U - a +0 cloak (worn)
 X - a +0 hat of see invisible
Magical Staves
 b - an uncursed staff of death
Jewellery
 e - a ring of flight (left hand)
 p - an amulet of magic regeneration (around neck)
 P - the ring of the Thirteen Dances (right hand) {rElec AC+2 Str+3}
   (You found it on level 7 of the Dungeon)

   [ring of protection]

   It affects your AC (+2).
   It affects your strength (+3).
   It insulates you from electricity.
Wands
 y - a wand of polymorph (6)
 A - a wand of random effects (5)
 B - a wand of iceblast (19)
 M - a wand of flame (11)
 N - a wand of acid (20)
 V - a wand of paralysis (9)
Scrolls
 j - a scroll of random uselessness
 l - 6 scrolls of teleportation
 n - 7 scrolls of remove curse
 q - 9 scrolls of identify
 D - a scroll of blinking
Potions
 d - a potion of might
 i - 6 potions of curing
 k - 3 potions of heal wounds
 r - 2 potions of lignification
 s - 2 potions of berserk rage
 w - a potion of agility
 z - 5 potions of brilliance
 C - 3 potions of ambrosia
 F - a potion of haste
 J - 2 potions of degeneration
 L - a potion of mutation
 Q - a potion of cancellation
 W - a potion of resistance
Comestibles
 f - 18 rations


   Skills:
 - Level 3.0(2.3) Fighting
 + Level 8.6(7.8) Maces & Flails
 * Level 11.3(10.5) Armour
 * Level 11.9(11.1) Shields


You had 11 spell levels left.
You didn't know any spells.
Your spell library contained the following spells:

 Spells                   Type           Power        Failure   Level  Hunger
 Animate Skeleton         Necr           N/A          98%         1    ##.....
 Apportation              Tloc           #.....       98%         1    ##.....
 Confusing Touch          Hex            #.....       98%         1    ##.....
 Freeze                   Ice            #...         98%         1    ##.....
 Magic Dart               Conj           #...         98%         1    ##.....
 Summon Small Mammal      Summ           #...         98%         1    ##.....
 Blink                    Tloc           N/A          99%         2    ###....
 Call Imp                 Summ           #.......     99%         2    ###....
 Slow                     Hex            #.......     99%         2    ###....
 Throw Frost              Conj/Ice       #.....       99%         2    ###....
 Confuse                  Hex            #.......     100%        3    ####...
 Conjure Flame            Conj/Fire      #.......     100%        3    ####...
 Gell's Gravitas          Tloc           #.........   100%        3    ####...
 Mephitic Cloud           Conj/Pois/Air  #.......     100%        3    ####...
 Ozocubu's Armour         Chrm/Ice       #.......     100%        3    ####...
 Petrify                  Tmut/Erth      #.......     100%        4    #####..
 Summon Ice Beast         Ice/Summ       #.......     100%        4    #####..
 Throw Icicle             Conj/Ice       #.......     100%        4    #####..
 Metabolic Englaciation   Hex/Ice        #.........   100%        5    ######.
 Yara's Violent Unravell  Hex/Tmut       #.........   100%        5    ######.


Dungeon Overview and Level Annotations

Branches:
Dungeon (12/15)            Temple (1/1) D:4            Lair (0/6) D:10
    Orc (2/2) D:12
    Elf: Orc:2

Altars:
Elyvilon
Fedhas
Okawaru
Ru
Sif Muna
Trog
Xom
Yredelemnul

Shops:
D:6 *   D:12 :

Annotations:
D:10 exclusion: oklob plant
D:11 2 transporters, exclusion: 3 oklob plants, Peloso's ghost, novice MiFi


Innate Abilities, Weirdness & Mutations

You have sharp fingernails.
You are partially covered in yellow scales. (AC +2)
You may emit foul miasma when damaged in melee.
When hurt, damage is shared between your health and your magic reserves.
You regenerate magic rapidly.
You are immune to rotting.
Scrolls take you a little longer to read.
You are clumsy. (Dex -2)
You are somewhat resistant to both further mutation and mutation removal.
You occasionally shout uncontrollably at your foes.
Your spells are a little harder to cast, but a little more powerful.


Message History

* * * LOW HITPOINT WARNING * * *
The sixfirhy completely misses you.
You closely miss the orc sorcerer.
The orc sorcerer is almost dead.
You block the sixfirhy's attack. The sixfirhy barely misses you.
You block the sixfirhy's attack. The orc sorcerer casts a spell at you.
You suddenly lose the ability to move!
The orc hits you but does no damage.
The orc sorcerer hits you but does no damage.
The orc completely misses you.
You hear the faint creaking of a very distant portcullis.
The orc sorcerer hits you but does no damage.
The orc hits you but does no damage.
The sixfirhy hits you but does no damage. x2
The orc sorcerer points at you and mumbles some strange words.
The bolt of fire hits you!!
* * * LOW HITPOINT WARNING * * *
The orc hits you but does no damage. The sixfirhy hits you!
You die...
Xom snickers!

* * * * ### * ####.## *
##.#...## #...@3..##
##..oo...#
#.#......#######
#........##.##.##
##...............#
###..........#.##.##
###.............###.##
##.........##....>....#
#.........##.......#.##


You could see a sixfirhy, an orc sorcerer and an orc.

Vanquished Creatures
  Jorgrun (D:12)
  2 two-headed ogres
  An unseen horror (D:10)
  Pikel (D:6)
  A manticore (D:11)
  Psyche (D:9)
  Maurice (D:8)
  A gargoyle (D:12)
  3 kobold demonologists (D:11)
  Grinder (D:3)
  Prince Ribbit (D:6)
  2 hippogriffs
  Sigmund (D:6)
  8 yaks
  A wraith (D:10)
  A fire bat (D:11)
  3 hungry ghosts
  Menkaure (D:6)
  A steam dragon (D:11)
  A naga (D:10)
  Duvessa (D:7)
  3 ice beasts
  A sky beast (D:4)
  4 slaves
  4 orc warriors
  2 black bears
  A phantom (D:7)
  2 ogres
  7 centaurs
  6 big kobolds (D:11)
  5 bullfrogs
  Dowan (D:7)
  A wyvern skeleton (D:8)
  A scorpion (D:8)
  4 killer bees (D:11)
  5 wights (D:11)
  2 centaur zombies
  4 crimson imps
  4 jellies
  3 hounds
  A gnoll shaman (D:8)
  5 orc priests
  A bullfrog skeleton (D:9)
  A centaur skeleton (D:5)
  7 orc wizards
  An iguana (D:9)
  7 worker ants
  2 killer bee zombies
  A hound zombie (D:10)
  3 hound skeletons
  11 gnolls
  23 adders
  A shadow imp (D:5)
  An adder skeleton (D:10)
  2 adder zombies
  8 worms
  3 dart slugs
  5 leopard geckos
  35 orcs
  2 giant cockroaches (D:2)
  3 goblins
  4 hobgoblins
  17 jackals
  11 kobolds
  4 quokkas
  12 bats
  4 frilled lizards
  A jackal skeleton (D:9)
  A leopard gecko zombie (D:5)
  A quokka zombie (D:10)
  8 rats
280 creatures vanquished.

Vanquished Creatures (collateral kills)
  Gastronok (D:9)
  A two-headed ogre (D:9)
  A centaur zombie (D:12)
  A kobold demonologist (D:10)
  A troll (D:9)
  A hippogriff (D:10)
  4 yaks (D:9)
  A black bear (D:12)
  2 ogres (D:10)
  A centaur (D:9)
  2 iguanas (D:9)
  An adder (D:9)
  An adder skeleton (D:9)
18 creatures vanquished.

Vanquished Creatures (others)
  An ogre (D:11)
  2 orcs (D:11)
  A plant (D:11)
4 creatures vanquished.

Grand Total: 302 creatures vanquished

Notes
Turn   | Place    | Note
-------+----------+-------------------------------------------
     0 | D:1      | FishyPogo the Demonspawn Fighter began the quest for the
                  | Orb.
     0 | D:1      | Reached XP level 1. HP: 18/18 MP: 1/1
   421 | D:1      | Gained mutation: You have sharp fingernails. [demonic
                  | ancestry]
   421 | D:1      | Reached XP level 2. HP: 22/24 MP: 2/2
   751 | D:2      | Gained mutation: You are immune to rotting. [demonic
                  | ancestry]
   751 | D:2      | Reached XP level 3. HP: 28/29 MP: 3/3
  1452 | D:2      | Reached XP level 4. HP: 35/35 MP: 4/4
  2019 | D:2      | Reached XP level 5. HP: 38/41 MP: 5/5
  2558 | D:3      | Noticed Grinder
  2592 | D:3      | Killed Grinder
  2592 | D:3      | Reached skill level 5 in Shields
  2592 | D:3      | Reached XP level 6. HP: 22/47 MP: 6/6
  3644 | D:4      | Found a staircase to the Ecumenical Temple.
  3695 | Temple   | Entered the Ecumenical Temple
  3702 | Temple   | Became a worshipper of Xom of Chaos
  3725 | D:4      | XOM: harmless Necr miscast
  3728 | D:5      | Entered Level 5 of the Dungeon
  3728 | D:5      | Noticed a sky beast
  3737 | D:4      | Killed a sky beast
  3737 | D:4      | Gained mutation: You are partially covered in yellow
                  | scales. (AC +2) [demonic ancestry]
  3737 | D:4      | Reached XP level 7. HP: 34/52 MP: 7/7
  3782 | D:5      | XOM: harmless Necr miscast
  3928 | D:5      | Found a sacrificial altar of Ru.
  4037 | D:5      | XOM: harmless Ice miscast
  4373 | D:5      | XOM: silly message
  4381 | D:6      | XOM: divination: magic mapping
  4689 | D:6      | Noticed Sigmund
  4701 | D:6      | Killed Sigmund
  4701 | D:6      | Reached skill level 5 in Armour
  4701 | D:6      | Reached XP level 8. HP: 58/58 MP: 8/8
  4769 | D:6      | Got a scorched leather armour
  4772 | D:6      | Noticed Prince Ribbit
  4772 | D:6      | XOM: potion effect (agility)
  4779 | D:6      | Killed Prince Ribbit
  4788 | D:6      | XOM: divination: detect creatures
  4822 | D:6      | Noticed Menkaure
  4823 | D:6      | XOM: confusion
  4835 | D:6      | Killed Menkaure
  4928 | D:6      | Found Mapn's Assorted Antiques.
  4960 | D:6      | Bought a scroll labeled ESUOPY ISYTAISS for 29 gold pieces
  4960 | D:6      | Bought a viscous red potion for 26 gold pieces
  5344 | D:7      | XOM: stat loss: -1 Dex (12/13)
  5347 | D:7      | Got a slimy golden ring
  5348 | D:7      | Identified the ring of the Thirteen Dances {rElec AC+2
                  | Str+3} (You found it on level 7 of the Dungeon)
  5355 | D:7      | XOM: noise
  5358 | D:7      | Noticed Duvessa
  5364 | D:7      | Noticed Dowan
  5367 | D:6      | XOM: confuse monster(s)
  5381 | D:6      | XOM: enchant monster (bad)
  5390 | D:7      | Noticed Pikel
  5408 | D:6      | XOM: summons 2 friendly demons
  5424 | D:6      | XOM: potion effect (agility)
  5436 | D:6      | Reached skill level 5 in Maces & Flails
  5453 | D:6      | XOM: divination: magic mapping
  5456 | D:6      | Killed Pikel
  5456 | D:6      | Gained mutation: When hurt, damage is shared between your
                  | health and your magic reserves. [demonic ancestry]
  5456 | D:6      | Reached XP level 9. HP: 47/63 MP: 9/9
  5481 | D:7      | XOM: noise
  5588 | D:7      | Found a blossoming altar of Fedhas.
  5616 | D:7      | XOM: harmless Ice miscast
  5927 | D:7      | XOM: give mutations
  5927 | D:7      | Gained mutation: Scrolls take you a little longer to read.
                  | [Xom's mischief]
  5927 | D:7      | Gained mutation: You are clumsy. (Dex -2) [Xom's mischief]
  5927 | D:7      | Gained mutation: You occasionally shout uncontrollably at
                  | your foes. [Xom's mischief]
  5927 | D:7      | Gained mutation: You are dopey. (Int -2) [Xom's mischief]
  6013 | D:7      | XOM: swap monsters
  6014 | D:7      | XOM: medium Pois miscast
  6031 | D:7      | Killed Duvessa
  6036 | D:7      | Killed Dowan
  6076 | D:8      | XOM: chaos upgrade
  6122 | D:8      | XOM: harmless Hex miscast
  6297 | D:8      | Noticed Maurice
  6352 | D:8      | Killed Maurice
  6750 | D:8      | XOM: harmless Chrm miscast
  6833 | D:9      | Noticed a two-headed ogre
  6844 | D:9      | Killed a two-headed ogre
  6930 | D:9      | Gained mutation: You may emit foul miasma when damaged in
                  | melee. [demonic ancestry]
  6930 | D:9      | Reached XP level 10. HP: 60/70 MP: 10/10
  7002 | D:9      | Noticed Gastronok
  7011 | D:9      | XOM: enchant monster (good)
  7012 | D:9      | XOM: cast spell 'Summon Horrible Things'
  7016 | D:9      | Killed Gastronok
  7072 | D:9      | XOM: confuse monster(s)
  7079 | D:9      | XOM: harmless Summ miscast
  7082 | D:9      | XOM: fog
  7091 | D:9      | XOM: harmless Summ miscast
  7159 | D:9      | Noticed Psyche
  7178 | D:9      | Killed Psyche
  7178 | D:9      | Reached skill level 10 in Shields
  7212 | D:9      | XOM: summons 10 friendly demons
  7225 | D:9      | Found a shimmering altar of Xom.
  7335 | D:9      | XOM: cleaving
  7392 | D:9      | XOM: divination: detect creatures
  7555 | D:9      | Identified the +2 leather armour of the Solstice {+Inv}
                  | (You found it on level 6 of the Dungeon)
  7773 | D:10     | Entered Level 10 of the Dungeon
  7806 | D:10     | XOM: divination: magic mapping
  7858 | D:10     | XOM: polymorph ogre -> naga
  7892 | D:10     | XOM: polymorph hound -> jelly
  7913 | D:10     | XOM: enchant monster (bad)
  7917 | D:10     | XOM: confusion (+ monsters)
  7923 | D:10     | Noticed an orange demon
  7927 | D:10     | Noticed a smoke demon
  7943 | D:10     | Reached XP level 11. HP: 30/75 MP: 11/11
  8113 | D:10     | Noticed an unseen horror
  8150 | D:10     | Killed an unseen horror
  8150 | D:10     | Reached skill level 10 in Armour
  8181 | D:10     | Found a staircase to the Lair.
  8182 | D:10     | Noticed an oklob plant
  8215 | D:10     | Got a steaming helmet
  8226 | D:10     | Identified the cursed +0 helmet of Amorality {rC+ MP+9}
                  | (You found it on level 10 of the Dungeon)
  8248 | D:10     | XOM: give mutations
  8248 | D:10     | Gained mutation: You are somewhat resistant to further
                  | mutation. [Xom's grace]
  8248 | D:10     | Gained mutation: Your spells are a little harder to cast,
                  | but a little more powerful. [Xom's grace]
  8248 | D:10     | Gained mutation: You are somewhat resistant to both further
                  | mutation and mutation removal. [Xom's grace]
  8248 | D:10     | Lost mutation: You are dopey. (Int -2) [Xom's grace]
  8419 | D:10     | XOM: mild Necr miscast
  8480 | D:10     | XOM: confusion
  8483 | D:10     | XOM: harmless Hex miscast
  8639 | D:10     | XOM: medium Tloc miscast
  8673 | D:11     | XOM: swap monsters
  8863 | D:11     | Found a transporter.
  8874 | D:11     | XOM: polymorph ogre -> worm
  8885 | D:11     | XOM: fake destruction
  8918 | D:11     | Noticed a two-headed ogre
  8967 | D:11     | XOM: potion effect (might)
  8978 | D:11     | XOM: confuse monster(s)
  9119 | D:11     | XOM: polymorph kobold demonologist -> fire bat
  9168 | D:11     | XOM: confuse monster(s)
  9250 | D:11     | XOM: god gift: ration
  9251 | D:11     | XOM: cast spell 'Statue Form'
  9253 | D:11     | XOM: divine lightning
  9341 | D:11     | XOM: cleaving
  9443 | D:11     | XOM: cleaving
  9491 | D:11     | Noticed a two-headed ogre
  9494 | D:11     | XOM: potion effect (haste)
  9507 | D:11     | Killed a two-headed ogre
  9516 | D:11     | Noticed an oklob plant
  9517 | D:11     | Noticed an oklob plant
  9519 | D:11     | Paralysed by a floating eye for 3 turns
  9523 | D:11     | XOM: harmless Summ miscast
  9531 | D:11     | Paralysed by a floating eye for 3 turns
  9600 | D:11     | Noticed a sixfirhy
  9689 | D:11     | Found a transporter.
  9705 | D:11     | Noticed a two-headed ogre
  9734 | D:11     | Noticed Peloso's ghost (novice MiFi)
  9944 | D:11     | Noticed an oklob plant
  9948 | D:11     | XOM: god gift: 5 datura-tipped darts
  9980 | D:11     | Identified the +7 short sword of Awkwardness {antimagic,
                  | rN+ Str-4 Dex+5 SInv}
  9980 | D:11     | Noticed a tengu warrior
  9980 | D:11     | Identified the +9 scimitar "Killer Bee's Curse" {venom,
                  | +Blink rF- rN++ Str+3}
  9983 | D:11     | Found a bloodstained altar of Trog.
  9984 | D:11     | Identified the +9 great sword "Araphal" {chaos, +Fly rC+
                  | Int-4 Dex+4}
  9984 | D:11     | Noticed an orc knight
 10249 | D:12     | XOM: cast spell 'Ring of Flames'
 10256 | D:12     | Noticed a two-headed ogre
 10271 | D:12     | Killed a two-headed ogre
 10280 | D:12     | Found a staircase to the Orcish Mines.
 10313 | D:11     | XOM: noise
 10493 | D:12     | Found Emamo's Book Shoppe.
 10493 | D:12     | XOM: 7-stop teleportation journey
 10590 | D:12     | Noticed Jorgrun
 10599 | D:12     | XOM: summons 2 friendly demons
 10606 | D:12     | XOM: scenery: create altars
 10614 | D:12     | Killed Jorgrun
 10617 | D:12     | Gained mutation: You regenerate magic rapidly. [demonic
                  | ancestry]
 10617 | D:12     | Reached XP level 12. HP: 81/81 MP: 12/12
 10798 | D:12     | XOM: chaos upgrade
 11010 | Orc:1    | Entered Level 1 of the Orcish Mines
 11020 | Orc:1    | Identified a scroll of acquirement
 11020 | Orc:1    | Got a scorched executioner's axe
 11026 | Orc:1    | Identified the +7 executioner's axe of Mastery {elec, rC+}
                  | (You acquired it on level 1 of the Orcish Mines)
 11092 | Orc:2    | Entered Level 2 of the Orcish Mines
 11102 | Orc:2    | XOM: enchant monster (bad)
 11119 | Orc:1    | XOM: repel stairs
 11120 | Orc:1    | Paralysed by an orc sorcerer for 6 turns
 11123 | Orc:1    | Slain by a sixfirhy

Levels and vault maps discovered:
D:1:      dpeg_arrival_tiny_a, layout_loops_ring
D:2:      layout_loops_corners, chequers_serial_rivers_micro_b,
          chequers_serial_rivers_micro_d
D:3:      minmay_general_purpose_star, layout_loops_corners, uniq_grinder
D:4:      layout_basic, minmay_temple_entry_offerings
D:5:      layout_loops_cross, first_ration, nicolae_ru_great_annihilating_truth
D:6:      layout_cave_pods, serial_shops, nicolae_shop_waterfront,
          uniq_prince_ribbit1, uniq_sigmund, uniq_menkaure
D:7:      layout_loops_cross, kennysheep_little_box, uniq_duvessa, uniq_pikel
D:8:      layout_loops_cross, uniq_maurice
D:9:      layout_long_grid, basic_altar, grunt_pizzeria,
          kennysheep_small_circle, uniq_psyche, uniq_gastronok
D:10:     layout_rooms, dpeg_oklobed_lair, minmay_bent
D:11:     layout_basic, gammafunk_ghost_wrathful_warriors, disabler_island
D:12:     layout_cave_pools, orc_0_dummy, serial_shops, shop, uniq_jorgrun
Temple:   nicolae_temple_the_god_donut
Orc:1:    cheibrodos_orc_bank, layout_diamond_mine, enter_bailey_8,
          serial_shops, shop_fountains, uniq_snorg
Orc:2:    grunt_orc_community_town_hall, layout_caves,
          grunt_orc_community_big_house_2, grunt_orc_community_big_house_2,
          grunt_orc_community_house_2, grunt_orc_community_house_3,
          grunt_orc_community_house_1, grunt_orc_community_house_1,
          grunt_orc_community_house_1, serial_shops, shop

Skill      XL: |  1  2  3  4  5  6  7  8  9 10 11 |
---------------+----------------------------------+-----
Maces & Flails | 2 3 4 5 6 7 8 |  8.6
Shields        | 3 4 5 6 7 9 10 11 | 11.9
Armour         | 3 4 5 6 8 9 11 | 11.3
Fighting       | |  3.0

Action                   |  1- 3 |  4- 6 |  7- 9 | 10-12 || total
-------------------------+-------+-------+-------+-------++-------
Melee: Flail             |   163 |    32 |       |       ||   195
       Whip              |       |   201 |   463 |   836 ||  1500
       Unarmed           |       |       |       |    10 ||    10
Throw: Stone             |       |     4 |    15 |    34 ||    53
       Dart              |       |       |    14 |     6 ||    20
       Boomerang         |       |       |       |     2 ||     2
  Use: Potion            |     1 |     1 |       |     4 ||     6
       Scroll            |       |       |     8 |    17 ||    25
 Stab: Paralysed         |       |       |     1 |       ||     1
       Distracted        |       |       |     1 |       ||     1
       Confused          |       |       |       |     1 ||     1
       Fleeing           |       |       |       |     1 ||     1
  Eat: Chunk             |     2 |     7 |    10 |    20 ||    39
       Ration            |       |       |     1 |       ||     1
Armor: Scale mail        |    83 |   112 |    30 |       ||   225
       Chain mail        |       |       |   111 |   388 ||   499
       Skin              |       |       |       |    10 ||    10
Dodge: Dodged            |    65 |    55 |    75 |   205 ||   400
Block: Shield            |    88 |   106 |   169 |   487 ||   850
